Map: Torres del ocaso

Players

Xandros

  • Race: Zerg Zerg

IA (Medio) 1 - Winner!

  • Race: Terran Terran

VOD

Have the link to the VOD?

Description

Time

  • Played on: Nov. 25, 2015, 6:06 a.m.
  • Length: 3:12
Show
View Real Time Build Order
Export as new Build Order

Xandros Zerg 

Build Orders: Hatch First 

Get SALT Encoding   

  12  0:13  Drone  
  12  0:14  Drone  
  14  0:27  Overlord  
  14  0:46  Drone  
  14  0:48  Hatchery  
  14  0:49  Drone  
  15  0:56  Drone  
  16  0:59  Drone  
  17  1:07  Drone  
  18  1:23  Drone, Spawning Pool  
  18  1:32  Drone  
  19  1:37  Extractor  
  19  1:39  Drone  
Show
View Real Time Build Order
Export as new Build Order

IA (Medio) 1 Terran - Winner!

Build Orders:  

Get SALT Encoding   

  12  0:00  SCV  
  13  0:13  SCV  
  14  0:19  Supply Depot  
  14  0:25  SCV  
  15  0:40  SCV  
  15  0:42  Barracks  
  16  0:50  Refinery  
  16  0:52  SCV  
  17  1:04  SCV  
  18  1:16  Supply Depot  
  18  1:29  Marine  
  18  1:32  Orbital Command  
  19  1:45  Barracks  
  19  1:48  Barracks Tech Lab  
  19  2:06  Marine  
  19  2:07  SCV, Supply Depot  
  21  2:15  Refinery  
  21  2:19  SCV  
  22  2:24  Marine  
  22  2:26  Engineering Bay  
  23  2:31  SCV  
  23  2:32  Marine  
  25  2:42  Marauder  
  25  2:43  SCV  
  28  2:55  SCV  
Tags
 
Add a new tag
Caveats
  • Supply blocks, unpowered buildings, or Contaminate may cause inaccurate times.
  • Supply counts are checked every 10 seconds.